 Dungeon Crawl Stone Soup version 0.27-a0-385-g3208abaabc (webtiles) character file.

Game seed: 2605429304026559853

74404 sahdkjhfkaj the Phalangite (level 15, -6/118 HPs)
             Began as a Merfolk Brigand on Feb 19, 2021.
             Was an Initiate of Gozag.
             Collided with a rock wall (19 damage)
             ... caused by a wretched star
             ... on level 3 of the Abyss on Feb 20, 2021.
             The game lasted 00:49:05 (29128 turns).

sahdkjhfkaj the Phalangite (Merfolk Brigand)       Turns: 29128, Time: 00:49:06

Health: -6/118     AC: 29    Str: 23    XL:     15   Next: 46%
Magic:  0/16       EV: 16    Int: 10    God:    Gozag
Gold:   1322       SH:  0    Dex: 17    Spells: 14/14 levels left

rFire    . . .     SeeInvis .   a - +4 bardiche (freeze)
rCold    . . .     Faith    .   (shield currently unavailable)
rNeg     . . .     Spirit   +   M - +7 plate armour of the Garden {rCorr}
rPois    +         Reflect  .   (no helmet)
rElec    .         Harm     .   A - +2 cloak
rCorr    +         Rampage  +   g - +1 pair of gloves
Will     +....                  y - +1 pair of boots {rampage}
Stlth    ..........             J - amulet "Culir" {Spirit rPois}
HPRegen  0.29/turn              v - +6 ring of strength
MPRegen  0.15/turn              G - +4 ring of slaying

@: gold aura, hasted (expiring), very quick
A: change form in water, swift swim, stealthy swim, [deterioration 2]
a: Renounce Religion, Potion Petition, Call Merchant, Bribe Branch


You were on level 3 of the Abyss.
You worshipped Gozag.
Gozag was most pleased with you.
You visited 2 branches of the dungeon, and saw 18 of its levels.
You visited the Abyss 2 times.
You also visited: Gauntlet.

You collected 5692 gold pieces.
You spent 1429 gold pieces at shops.
You paid 2941 gold pieces to Gozag.

Inventory:

Hand Weapons
 a - a +4 bardiche of freezing (weapon)
 b - the +10 trident of Disarray {drain, Int+4}
   (You found it on level 2 of the Abyss)

   A truly terrible weapon, it drains the life of those it strikes.
   It affects your intelligence (+4).
Missiles
 d - 83 poisoned darts (quivered)
 e - 9 curare-tipped darts
 D - 13 silver javelins
Armour
 g - a +1 pair of gloves (worn)
 y - a +1 pair of boots of rampaging (worn)
 A - a +2 cloak (worn)
 M - the +7 plate armour of the Garden (worn) {rCorr}
   (You bought it in a shop on level 1 of the Lair of Beasts)

   It provides partial protection from all sources of acid and corrosion.
Jewellery
 v - a +6 ring of strength (left hand)
 G - a +4 ring of slaying (right hand)
 J - the amulet "Culir" (around neck) {Spirit rPois}
   (You found it in a Gauntlet)

   [amulet of guardian spirit]

   It causes incoming damage to be split between your health and magic.
   It protects you from poison.
 O - a +4 ring of evasion {unknown}
 Q - a ring of protection from fire {unknown}
 R - a ring of see invisible {unknown}
Wands
 m - a wand of digging (5)
 s - a wand of paralysis (13)
 B - a wand of iceblast (8)
 C - a wand of mindburst (37)
 E - a wand of polymorph (10)
 F - a wand of flame (63)
 I - a wand of acid (11)
 K - a wand of charming (11)
Scrolls
 f - 4 scrolls of magic mapping {!r}
 i - 4 scrolls of fog {!r}
 n - 4 scrolls of immolation {!r}
 o - 5 scrolls of blinking {!r}
 q - 2 scrolls of fear {!r}
 r - 3 scrolls of enchant armour {!r}
 t - 4 scrolls of teleportation {!r}
 P - 2 scrolls of summoning {!r}
 V - a scroll of amnesia {!r}
 W - a scroll of torment {!r}
Potions
 c - a potion of haste {!q}
 h - 2 potions of attraction {!q, unknown}
 j - 5 potions of flight {!q}
 k - a potion of berserk rage {!q}
 l - 5 potions of lignification {!q}
 u - 8 potions of curing {!q}
 w - 2 potions of heal wounds {!q}
 x - 2 potions of mutation {!q}
 z - 2 potions of cancellation {!q}
 H - a potion of magic {!q, unknown}
 N - 2 potions of brilliance {!q, unknown}
 T - a potion of resistance {!q}
 U - a potion of invisibility {!q, unknown}
Miscellaneous
 L - a lightning rod (4/4)
 S - a condenser vane


   Skills:
 - Level 11.1 Fighting
 - Level 2.4 Short Blades
 + Level 22.2 Polearms
 - Level 2.0 Throwing
 - Level 8.8 Armour
 - Level 16.5 Dodging
 - Level 4.3 Stealth
 - Level 4.0 Shields
 - Level 2.4 Invocations


You had 14 spell levels left.
You didn't know any spells.
Your spell library contained the following spells:

 Spells                   Type           Power        Failure   Level
 Beastly Appendage        Tmut           0%           99%         1
 Corona                   Hex            0%           99%         1
 Shock                    Conj/Air       0%           99%         1
 Ensorcelled Hibernation  Hex/Ice        0%           100%        2
 Passwall                 Tmut/Erth      0%           100%        2
 Poisonous Vapours        Pois/Air       0%           100%        2
 Slow                     Hex            0%           100%        2
 Swiftness                Air            0%           100%        2
 Wereblood                Tmut           0%           100%        2
 Confusing Touch          Hex            0%           100%        3
 Conjure Flame            Conj/Fire      0%           100%        3
 Dazzling Flash           Conj/Hex       0%           100%        3
 Mephitic Cloud           Conj/Pois/Air  0%           100%        3
 Spider Form              Tmut/Pois      0%           100%        3
 Static Discharge         Conj/Air       0%           100%        3
 Tukima's Dance           Hex            0%           100%        3
 Airstrike                Air            0%           100%        4
 Ice Form                 Ice/Tmut       0%           100%        4
 Leda's Liquefaction      Hex/Erth       0%           100%        4
 Olgreb's Toxic Radiance  Pois           0%           100%        4
 Passage of Golubria      Tloc           N/A          100%        4
 Blade Hands              Tmut           0%           100%        5
 Irradiate                Conj/Tmut      0%           100%        5
 Lee's Rapid Deconstruct  Erth           0%           100%        5
 Lightning Bolt           Conj/Air       0%           100%        5
 Summon Forest            Summ/Tloc      0%           100%        5
 Yara's Violent Unravell  Hex/Tmut       0%           100%        5
 Freezing Cloud           Conj/Ice/Air   0%           100%        6
 Hydra Form               Tmut           0%           100%        6
 Invisibility             Hex            0%           100%        6
 Statue Form              Tmut/Erth      0%           100%        6
 Dragon Form              Tmut           0%           100%        7


Dungeon Overview and Level Annotations

Branches:
Dungeon (12/15)            Temple (0/1) D:5            Lair (6/6) D:8
  Swamp (0/4) Lair:4        Snake (0/4) Lair:4        Slime (0/5) Lair:6
    Orc (0/2) D:11        Gauntlet (visited)

Altars:
Cheibriados
Dithmenos
Elyvilon
Gozag
Nemelex Xobeh
Qazlal
Sif Muna
Trog
Vehumet
Jiyva

Shops:
Lair:1 *   Lair:3 ([   Lair:6 (


Innate Abilities, Weirdness & Mutations

You revert to your normal form in water.
You are very nimble and swift while swimming.
You are very stealthy in the water. (Stealth+)
[Your body often deteriorates upon taking damage.]


Message History

The wretched star is almost destroyed.
The meliai barely misses you.
The meliai stings you but does no damage.
The meliai hits you but does no damage. The meliai misses you.
Unknown command.
You hit the wretched star but do no damage.
The wretched star is almost destroyed.
The meliai barely misses you.
The meliai stings you but does no damage.
The meliai completely misses you.
The meliai stings you but does no damage.
The meliai mumbles some strange prayers to its god against you.
Something smites you!
* * * LOW HITPOINT WARNING * * *
The wretched star glows turbulently.
The lance of force hits you but does no damage.
You slash the wretched star! You freeze the wretched star.
You destroy the wretched star!
The meliai misses you. The meliai closely misses you.
The meliai hits you but does no damage. The meliai misses you.
Unknown command.
The wretched star glows turbulently.
The lance of force hits you!
* * * LOW HITPOINT WARNING * * *
You are knocked back by the lance of force.
You slam into the rock wall!
The meliai invokes the aid of its god against you.
Something smites you!
* * * LOW HITPOINT WARNING * * *
Found an elf corpse.
There is a gateway leading out of the Abyss here.
You see here 6 gold pieces.
The meliai closely misses you. The meliai misses you.
The wretched star glows turbulently.
The lance of force hits you!
* * * LOW HITPOINT WARNING * * *
You are knocked back by the lance of force.
You slam into the rock wall!
You die...
Your body crumbles into a pile of gold. .#. ### (....##.## #yuyuy##

##u###@#
#. #...#
.*
.*.#..#
## ##†#
#†# ..
.. ..#
#.# #.#
#. .. .#


You could see 2 very ugly things, a wretched star, a queen bee and 2 meliai.

Vanquished Creatures
  A bone dragon (Abyss:2)
  A Hell Sentinel (Abyss:2)
  A minotaur (Gauntlet)
  6 dire elephants (Lair:6)
  An anaconda (Lair:6)
  2 boulder beetles
  9 hydras
  3 two-headed ogres
  6 death yaks
  A thrashing horror (Abyss:2)
  2 wretched stars
  A sixfirhy (Gauntlet)
  2 large abominations (Abyss:2)
  A wolf spider zombie (Abyss:2)
  A wizard (D:12)
  2 deep elf zephyrmancers (D:12)
  A worldbinder (Abyss:2)
  17 elephants
  Joseph (D:8)
  10 black mambas
  22 cane toads
  A gargoyle (D:11)
  A smoke demon (Abyss:2)
  2 torpor snails
  Maggie (Lair:2)
  4 rime drakes
  6 komodo dragons
  An ancient zyme (Abyss:2)
  3 trolls
  A slime creature (D:10)
  4 polar bears
  26 blink frogs
  9 dream sheep
  3 starcursed masses (Abyss:2)
  A shadow (Abyss:2)
  8 wyverns
  18 yaks
  A wraith (D:12)
  7 basilisks
  A neqoxec (Abyss:2)
  2 golden eyes
  A chaos spawn (Abyss:2)
  2 swamp worms (Lair:4)
  16 water moccasins
  An acid dragon (D:10)
  2 sky beasts (D:12)
  3 orc warriors
  9 ice beasts (D:8)
  2 black bears
  6 ogres
  12 wolves
  7 centaurs
  2 phantoms
  25 bullfrogs
  An earth elemental (Abyss:2)
  2 small abominations (Abyss:2)
  2 wyvern zombies (D:6)
  5 scorpions
  2 electric eels
  9 howler monkeys
  11 wights
  3 crimson imps (Gauntlet)
  4 centaur zombies
  A quasit (D:7)
  5 hounds
  2 bullfrog skeletons
  7 orc priests
  A centaur skeleton (D:4)
  4 jellies
  7 hell rats (Lair:6)
  3 iguanas
  9 orc wizards
  9 worker ants
  A statue (D:4)
  2 killer bee zombies (D:6)
  2 hound zombies
  2 worker ant zombies (D:6)
  6 gnolls
  15 adders
  2 howler monkey skeletons
  2 river rats (D:4)
  4 shadow imps
  6 white imps
  11 ufetubi
  An ooze (D:1)
  3 adder skeletons
  2 adder zombies (D:6)
  2 worms
  5 dart slugs
  8 leopard geckos
  36 orcs
  A ball python (D:1)
  4 giant cockroaches
  12 goblins
  7 hobgoblins
  6 jackals (D:1)
  A quokka (D:10)
  9 bats
  3 frilled lizards
  A giant cockroach zombie (D:6)
  A jackal skeleton (D:9)
  A jackal zombie (D:4)
  9 kobolds
  A leopard gecko skeleton (D:7)
  2 leopard gecko zombies (D:6)
  3 quokka skeletons
  2 quokka zombies (D:6)
  9 rats
548 creatures vanquished.

Vanquished Creatures (others)
  A small abomination (Abyss:2)
  28 fungi
  A lurking horror (Abyss:2)
  33 plants
  A withered plant (D:6)
64 creatures vanquished.

Grand Total: 612 creatures vanquished

Notes
Turn   | Place    | Note
-------+----------+-------------------------------------------
     0 | D:1      | sahdkjhfkaj the Merfolk Brigand began the quest for the
                  | Orb.
     0 | D:1      | Reached XP level 1. HP: 16/16 MP: 1/1
    62 | D:1      | Reached XP level 2. HP: 12/23 MP: 2/2
   391 | D:1      | Reached XP level 3. HP: 19/30 MP: 3/3
  1455 | D:2      | Reached XP level 4. HP: 29/38 MP: 4/4
  1553 | D:2      | You fall into a shaft and drop 1 floor!
  1914 | D:2      | Found a faded altar of an unknown god.
  1944 | D:2      | Reached skill level 5 in Fighting
  2417 | D:2      | Reached XP level 5. HP: 19/44 MP: 5/5
  3238 | D:3      | Found an opulent altar of Gozag.
  3504 | D:3      | Became a worshipper of Gozag Ym Sagoz the Greedy
  4146 | D:4      | Found a snail-covered altar of Cheibriados.
  4148 | D:4      | Found a sparkling altar of Nemelex Xobeh.
  4167 | D:4      | Reached skill level 2 in Polearms
  4251 | D:4      | Found a radiant altar of Vehumet.
  4251 | D:4      | Noticed a charred statue
  4313 | D:4      | Reached skill level 4 in Polearms
  4313 | D:4      | Reached XP level 6. HP: 36/52 MP: 6/6
  4670 | D:4      | Reached skill level 5 in Polearms
  4828 | D:4      | Reached skill level 6 in Polearms
  4828 | D:4      | Reached XP level 7. HP: 28/58 MP: 7/7
  5175 | D:4      | Reached skill level 7 in Polearms
  5348 | D:4      | Reached skill level 8 in Polearms
  5875 | D:5      | Entered Level 5 of the Dungeon
  5914 | D:5      | Reached skill level 9 in Polearms
  6112 | D:5      | Found a staircase to the Ecumenical Temple.
  6268 | D:5      | Reached XP level 8. HP: 45/64 MP: 8/8
  6456 | D:5      | Reached skill level 10 in Polearms
  6495 | D:5      | Noticed a troll
  6588 | D:4      | Killed a troll
  6589 | D:4      | Reached skill level 11 in Polearms
  7090 | D:5      | Found a shadowy altar of Dithmenos.
  7156 | D:6      | Reached skill level 12 in Polearms
  7590 | D:6      | Reached skill level 1 in Shields
  8016 | D:6      | Reached XP level 9. HP: 66/69 MP: 9/9
  8184 | D:6      | Reached skill level 13 in Polearms
  8963 | D:7      | Reached skill level 14 in Polearms
  8963 | D:7      | Reached skill level 1 in Invocations
  9075 | D:7      | Found a stormy altar of Qazlal.
  9170 | D:7      | Found a white marble altar of Elyvilon.
  9251 | D:7      | Found a shimmering blue altar of Sif Muna.
  9357 | D:7      | Identified Sif Muna's Collected Works on the Frostbite
  9363 | D:7      | Found a bloodstained altar of Trog.
  9473 | D:7      | Found a shadowy altar of Dithmenos.
  9882 | D:8      | Reached skill level 1 in Armour
 10079 | D:8      | Found a staircase to the Lair.
 10110 | D:8      | Reached XP level 10. HP: 79/79 MP: 11/11
 10276 | D:8      | Found a stormy altar of Qazlal.
 10781 | D:8      | Reached skill level 5 in Dodging
 10992 | D:8      | Noticed Joseph
 11011 | D:8      | Killed Joseph
 11876 | D:9      | Noticed a two-headed ogre
 12403 | D:9      | Noticed a two-headed ogre
 12408 | D:9      | Reached skill level 10 in Dodging
 12433 | D:9      | Killed a two-headed ogre
 12434 | D:9      | Reached XP level 11. HP: 76/86 MP: 12/12
 12444 | D:9      | Killed a two-headed ogre
 12992 | D:10     | Entered Level 10 of the Dungeon
 13063 | D:10     | Found a viscous altar of Jiyva.
 13611 | D:10     | Noticed a two-headed ogre
 13632 | D:10     | Killed a two-headed ogre
 13633 | D:10     | Reached skill level 10 in Fighting
 13876 | D:10     | Reached skill level 5 in Armour
 14874 | D:11     | Found a staircase to the Orcish Mines.
 15626 | Lair:1   | Entered Level 1 of the Lair of Beasts
 15655 | Lair:1   | Found a gate leading to a gauntlet.
 15660 | Gauntlet | Entered a Gauntlet
 15660 | Gauntlet | Found a transporter.
 15660 | Gauntlet | Found a transporter.
 15694 | Gauntlet | Noticed an eight-headed hydra
 15709 | Gauntlet | Found a transporter.
 15712 | Gauntlet | Found a transporter.
 15712 | Gauntlet | Found a transporter.
 15715 | Gauntlet | Noticed a sixfirhy
 15720 | Gauntlet | Noticed a blizzard demon
 15727 | Gauntlet | Found a transporter.
 15728 | Gauntlet | Found a transporter.
 15735 | Gauntlet | Found a transporter.
 15743 | Gauntlet | Found a transporter.
 15748 | Gauntlet | Noticed a necromancer
 15760 | Gauntlet | Found a transporter.
 15768 | Gauntlet | Found a transporter.
 15775 | Gauntlet | Noticed a shining eye
 15785 | Gauntlet | Found a transporter.
 16079 | Gauntlet | Paralysed by a floating eye for 3 turns
 16173 | Gauntlet | Killed a sixfirhy
 16216 | Gauntlet | Noticed a minotaur
 16231 | Gauntlet | Killed a minotaur
 16232 | Gauntlet | Reached XP level 12. HP: 70/97 MP: 13/13
 16282 | Gauntlet | Got a fine steel amulet
 16526 | Lair:1   | Identified the amulet "Culir" {Spirit rPois} (You found it
                  | in a Gauntlet)
 16868 | Lair:1   | Bought a dazzling plate armour for 868 gold pieces
 16878 | Lair:1   | Identified the +7 plate armour of the Garden {rCorr} (You
                  | bought it in a shop on level 1 of the Lair of Beasts)
 17288 | Lair:2   | Noticed Maggie
 17299 | Lair:2   | Killed Maggie
 17518 | Lair:2   | Noticed a six-headed hydra
 17538 | Lair:2   | Killed a six-headed hydra
 17961 | Lair:2   | Noticed an eight-headed hydra
 17970 | Lair:2   | Killed an eight-headed hydra
 18129 | Lair:2   | Noticed a five-headed hydra
 18142 | Lair:2   | Killed a five-headed hydra
 18417 | Lair:2   | Noticed a death yak
 18449 | Lair:2   | Killed a death yak
 18450 | Lair:2   | Reached XP level 13. HP: 65/106 MP: 9/14
 19911 | Lair:3   | Reached skill level 15 in Dodging
 20634 | Lair:3   | Bought a +5 glaive of pain for 561 gold pieces
 21157 | Lair:4   | Found a staircase to the Snake Pit.
 21559 | Lair:4   | Reached skill level 15 in Polearms
 22149 | Lair:4   | Found a staircase to the Swamp.
 22447 | Lair:5   | Reached skill level 16 in Polearms
 22635 | Lair:5   | Reached XP level 14. HP: 89/113 MP: 11/15
 23065 | Lair:5   | Reached skill level 17 in Polearms
 23714 | Lair:5   | Reached skill level 18 in Polearms
 23883 | Lair:6   | Entered Level 6 of the Lair of Beasts
 23955 | Lair:6   | Found a viscous altar of Jiyva.
 23956 | Lair:6   | Found a staircase to the Slime Pits.
 24112 | Lair:6   | Reached skill level 19 in Polearms
 25198 | Lair:6   | Reached skill level 20 in Polearms
 25765 | Lair:6   | Noticed a dire elephant
 25787 | Lair:6   | Killed a dire elephant
 25793 | Lair:6   | Noticed a dire elephant
 25793 | Lair:6   | Noticed a dire elephant
 25805 | Lair:6   | Killed a dire elephant
 25811 | Lair:6   | Killed a dire elephant
 25888 | Lair:6   | Noticed a dire elephant
 25896 | Lair:6   | Killed a dire elephant
 25918 | Lair:6   | Noticed a dire elephant
 25924 | Lair:6   | Noticed a dire elephant
 25930 | Lair:6   | Killed a dire elephant
 25931 | Lair:6   | Reached XP level 15. HP: 102/118 MP: 16/16
 26036 | Lair:6   | Found a viscous altar of Jiyva.
 26038 | Lair:6   | Found a staircase to the Slime Pits.
 26182 | Lair:6   | Found Fauquep's Antique Weapon Emporium.
 27155 | Lair:6   | Found a viscous altar of Jiyva.
 27156 | Lair:6   | Found a staircase to the Slime Pits.
 27296 | Lair:6   | Found Fauquep's Antique Weapon Emporium.
 28165 | D:12     | Found a shimmering blue altar of Sif Muna.
 28216 | D:12     | Cast into level 2 of the Abyss (a wizard)
 28330 | Abyss:2  | Reached skill level 21 in Polearms
 28660 | Abyss:2  | Noticed a bone dragon
 28671 | Abyss:2  | Killed a bone dragon
 28839 | D:12     | Escaped the Abyss
 28912 | D:12     | Identified the Volume of Sand
 28922 | D:12     | Identified Ts'ui Pên's Volume of Forking Paths
 28941 | D:12     | Cast into level 2 of the Abyss (a wizard)
 28956 | Abyss:2  | Got a polished trident
 28956 | Abyss:2  | Identified the +10 trident of Disarray {drain, Int+4} (You
                  | found it on level 2 of the Abyss)
 29005 | Abyss:2  | Found a corrupted altar of Lugonu.
 29075 | Abyss:2  | Noticed a Hell Sentinel
 29096 | Abyss:2  | Killed a Hell Sentinel
 29097 | Abyss:2  | Reached skill level 22 in Polearms
 29115 | Abyss:3  | Found a corrupted altar of Lugonu.
 29128 | Abyss:3  | Collided with a rock wall

Illustrated notes

Levels and vault maps discovered:
D:1:      lemuel_arrival_cross, layout_basic, minmay_misc_feat_roman
D:2:      layout_loops_ring, chequers_ecumenical_altar_twisty
D:3:      layout_basic, grunt_gozag_breadcrumbs, serial_corexii_hall,
          chequers_hall_statues_corner_a, corexii_hall_statues_x,
          grunt_ministairs_12
D:4:      layout_basic, chequers_temple_overflow_statue_of_worship,
          vehumet_statue, lightli_sewer_entry_pipes, minmay_pentomino_pile
D:5:      layout_rooms, minmay_temple_entry_stoned_glass, grunt_dithmenos_smoke
D:6:      layout_loops_corners, serial_undead, serial_undead_e, serial_undead_c,
          serial_undead_a, serial_undead_b, serial_undead_a, serial_undead_e,
          serial_undead_f, serial_undead_e, serial_undead_c, serial_undead_f
D:7:      layout_basic, nzn_overflow_gifts_of_might_and_magic,
          kennysheep_mini_moat, elyvilon_altar_5,
          nicolae_qazlal_general_emergency
D:8:      minmay_inner_zag, layout_gridville, lemuel_crystal_altar,
          lair_entry_dummy, serial_ice, serial_ice_f, serial_ice_g,
          serial_ice_h, serial_ice_d, serial_ice_m, serial_ice_o, serial_ice_b,
          serial_ice_e, uniq_joseph
D:9:      layout_big_octagon
D:10:     layout_roguey, serial_co_window_serial, co_window_paths_a,
          co_window_paths_a, co_window_paths_a, co_window_corner_a,
          co_window_of_opportunity_a, co_window_2corner, co_window_cross_3,
          co_window_paths_c, co_window_corner_cb, co_window_corner_cb,
          co_window_corner_b, glass_columns_a, glass_columns_a, glass_columns_a,
          glass_columns_c, jiyva_altar_1
D:11:     layout_rooms
D:12:     layout_stronghold, basic_altar, serial_column_ruins,
          column_ruins_square_huge, column_ruins_columns_plus,
          column_ruins_open_small_water, column_ruins_columns_dead_end,
          column_ruins_corridor_T, bh_hangedman_babel_library
Lair:1:   layout_misc_corridors, gauntlet_entry_generic, beast_lair_carwin_3
Lair:2:   nzn_winding_woodlands_stair_trap [nzn_winding_woodlands_5x15_cabin,
          nzn_winding_woodlands_5x15_sawtooth,
          nzn_winding_woodlands_5x15_crooked,
          nzn_winding_woodlands_15x15_killbox,
          nzn_winding_woodlands_5x15_pockets,
          nzn_winding_woodlands_5x15_lazy_stream,
          nzn_winding_woodlands_5x15_river_crossing], layout_small_grid,
          small_statue_intersection, chequers_serial_rivers_large_a,
          lemuel_fruit_tree, uniq_maggie
Lair:3:   layout_cave_pods, kennysheep_basilisk_garden
Lair:4:   layout_loops_ring, palyth_hydra_swamp_entry, dummy_snake_entry,
          grunt_megastairs_2
Lair:5:   layout_loops_ring, portal_ice_cave_entry_pillars_1,
          beast_lair_carwin_10
Lair:6:   due_jungle_book, layout_cave_pods, slime_altar_1
Abyss:3:  base: D:6, grunt_abyss_rune_wretched_hive, minivault_13

Skill      XL: |  1  2  3  4  5  6  7  8  9 10 11 12 13 14 15 |
---------------+----------------------------------------------+-----
Fighting       | 3 4 5 6 7 8 10 11 | 11.1
Polearms       | 4 6 9 12 14 16 20 22 | 22.2
Shields        | 2 4 |  4.0
Invocations    | 2 |  2.4
Dodging        | 2 10 13 16 | 16.5
Armour         | 2 4 7 8 |  8.8
Short Blades   | |  2.4
Throwing       | |  2.0
Stealth        | |  4.3

Action                   |  1- 3 |  4- 6 |  7- 9 | 10-12 | 13-15 || total
-------------------------+-------+-------+-------+-------+-------++-------
Melee: Dagger            |   132 |   240 |    30 |       |       ||   402
       Glaive            |       |       |    96 |       |   403 ||   499
       Tailslap          |       |       |     2 |       |     8 ||    10
       Trident           |       |       |   298 |   824 |   266 ||  1388
       Bardiche          |       |       |       |       |   176 ||   176
 Fire: Hunting sling     |       |    20 |       |       |       ||    20
Throw: Dart              |       |     7 |       |     1 |       ||     8
Invok: Call Merchant     |       |       |       |     1 |     3 ||     4
Evoke: Lightning rod     |       |       |       |     4 |       ||     4
       Wand              |       |       |       |     2 |     1 ||     3
       Condenser vane    |       |       |       |       |     1 ||     1
  Use: Scroll            |       |     2 |     6 |    11 |    13 ||    32
       Potion            |       |       |       |     1 |     5 ||     6
 Stab: Sleeping          |     5 |       |       |       |       ||     5
       Distracted        |       |       |     2 |     8 |     4 ||    14
       Paralysed         |       |       |       |     4 |       ||     4
Armor: Robe              |    34 |       |       |       |       ||    34
       Chain mail        |    10 |   123 |    69 |       |       ||   202
       Plate armour      |       |       |   101 |   291 |   530 ||   922
Dodge: Dodged            |    59 |    55 |    84 |   239 |   531 ||   968
Block: Buckler           |       |       |    24 |   118 |    34 ||   176

Table legend: (Time is in decaauts)
 A = Elapsed time spent in this place.
 B = Non-inter-level travel time spent in this place.
 C = Inter-level travel time spent in this place.
 D = Time resting spent in this place.
 E = Time spent auto-exploring this place.
 F = Levels seen in this place.
 G = Mean time per level.
                   A        B        C        D        E       F      G
               +--------+--------+--------+--------+--------+-----+--------+
         Total |  28378 |  26994 |   1384 |   1726 |  20903 |  22 | 1289.9 |
       Dungeon |  15724 |  14799 |    925 |    709 |  11749 |  12 | 1310.3 |
          Lair |  11055 |  10596 |    459 |    396 |   8679 |   6 | 1842.5 |
         Abyss |    789 |    789 |      0 |    377 |     79 |   3 |  263.0 |
      Gauntlet |    809 |    809 |      0 |    243 |    395 |   1 |  809.0 |
               +--------+--------+--------+--------+--------+-----+--------+

Top non-repeatable levels by time:
  Lair:6: 3628 daAuts
     D:8: 2616 daAuts
     D:4: 2086 daAuts
  Lair:2: 1969 daAuts
  Lair:4: 1883 daAuts
  Lair:3: 1602 daAuts
    D:10: 1580 daAuts
     D:6: 1538 daAuts
     D:1: 1516 daAuts
     D:2: 1424 daAuts
  Lair:5: 1164 daAuts
     D:3: 1088 daAuts
     D:5: 1020 daAuts
    D:11: 960 daAuts
     D:7: 820 daAuts
